 Dungeon Crawl Stone Soup version 0.27-a0-931-g5a74e75d8f (webtiles) character file.

Game seed: 6479025178829823331

69 Alarkh the Insei (level 4, 12/34 HPs)
             Began as a Demonspawn Gladiator on Apr 10, 2021.
             Got out of the dungeon alive.
             The game lasted 00:01:01 (928 turns).

Alarkh the Insei (Demonspawn Gladiator)              Turns: 928, Time: 00:01:01

Health: 12/34      AC:  4    Str: 14    XL:     4   Next: 2%
Magic:  4/4        EV: 12    Int: 10    God:
Gold:   55         SH:  0    Dex: 15    Spells: 3/3 levels left

rFire    . . .     SeeInvis +     - Unarmed
rCold    . . .     Faith    .   (no shield)
rNeg     . . .     Spirit   .   a - +0 leather armour
rPois    .         Reflect  .   b - +0 helmet
rElec    .         Harm     .   (no cloak)
rCorr    .         Rampage  .   (no gloves)
Will     .....                  (no boots)
Stlth    +.........             (no amulet)
HPRegen  0.11/turn              d - ring of see invisible
MPRegen  0.09/turn              (no ring)

@: no status effects
A: spiny 1, sturdy frame 2
a: no special abilities


You escaped.
You visited 1 branch of the dungeon, and saw 2 of its levels.

You collected 55 gold pieces.

Inventory:

Missiles
 c - 3 throwing nets (quivered)
Armour
 a - a +0 leather armour (worn)
 b - a +0 helmet (worn)
Jewellery
 d - a ring of see invisible (left hand)
Scrolls
 e - a scroll of teleportation {unknown}
 f - 4 scrolls of identify {unknown}
 g - a scroll of magic mapping {unknown}


   Skills:
 + Level 2.9 Fighting
 - Level 1.7 Throwing
 - Level 2.6 Dodging
 * Level 4.0 Unarmed Combat


You had 3 spell levels left.
You didn't know any spells.
Your spell library was empty.

Dungeon Overview and Level Annotations

Branches:
Dungeon (2/15)

Altars:


Innate Abilities, Weirdness & Mutations

You are partially covered in sharp spines.
Your movements are less encumbered by armour. (ER -4)


Message History

The hound is struck by your spines. The hound closely misses you.
The hound bites you.
You hit the hound.
The hound is almost dead.
The hound bites you.
You hit the hound but do no damage.
The hound is almost dead.
The hound is struck by your spines. The hound bites you but does no damage.
You completely miss the hound. You punch the hound.
You kill the hound!
The dart slug launches a dart at you. The slug dart hits you.
* * * LOW HITPOINT WARNING * * *
Your Unarmed Combat skill increases to level 4!
The dart slug bites you.
* * * LOW HITPOINT WARNING * * *
You see here a hound corpse.
You hit the dart slug.
The dart slug is heavily wounded.
You hit the dart slug but do no damage.
The dart slug is heavily wounded.
The dart slug closely misses you.
You hit the dart slug.
You kill the dart slug!
You have reached level 4!
You feel agile.
Your demonic ancestry asserts itself...
You feel less encumbered by your armour.
You see here a dart slug corpse.
You can't go up here!
There is a stone staircase leading up here.
You climb upwards.
There is a stone staircase leading down here.
There is an escape hatch in the floor here.
You slide downwards.
The hatch slams shut behind you.
There is a stone staircase leading up here.
You climb upwards.
There is a stone staircase leading down here.
There is a staircase leading out of the dungeon here.
Are you sure you want to leave the Dungeon?
This will make you lose the game!
You have escaped!

#....###.........## #
#######..##.....#.....## #
.........#.....###.....## #
########......#####.....## #
.............#.....#.....##
#######.....###...###.....##
##.....#####.#####.....##
##.....#...........#.....##
#.....###....@....###.....#
#....#####.......#####....#
#...#.....#.....#.....#...#
#..###...###...###...###..####
#.#####.#####.#####.#####.....
#.........................####
##.#>####.###.#########.###
#.#.####.##..# #.#
#............# #.#


There were no monsters in sight!

Vanquished Creatures
  A hound (D:2)
  An adder (D:2)
  2 dart slugs
  A giant cockroach (D:1)
  4 goblins
  3 quokkas (D:1)
  7 ball pythons
  3 bats (D:1)
  A frilled lizard (D:1)
  2 kobolds
  2 rats
27 creatures vanquished.

Notes
Turn   | Place    | Note
-------+----------+-------------------------------------------
     0 | D:1      | Alarkh the Demonspawn Gladiator began the quest for the
                  | Orb.
     0 | D:1      | Reached XP level 1. HP: 16/16 MP: 1/1
   219 | D:1      | Reached skill level 3 in Unarmed Combat
   271 | D:1      | Gained mutation: You are partially covered in sharp spines.
                  | [demonic ancestry]
   271 | D:1      | Reached XP level 2. HP: 18/22 MP: 2/2
   838 | D:2      | Gained mutation: Your movements are slightly less
                  | encumbered by armour. (ER -2) [demonic ancestry]
   838 | D:2      | Reached XP level 3. HP: 24/28 MP: 3/3
   874 | D:2      | Reached skill level 4 in Unarmed Combat
   878 | D:2      | Gained mutation: Your movements are less encumbered by
                  | armour. (ER -4) [demonic ancestry]
   878 | D:2      | Reached XP level 4. HP: 7/34 MP: 4/4
   928 | D:$      | Got out of the dungeon alive.

Illustrated notes

Levels and vault maps discovered:
D:1:      onia_arrival_pyramid, layout_loops_ring, grunt_decor_mini_mirrors
D:2:      layout_rooms, hangedman_decor_growths, st_stairs_10

Skill      XL: |  1  2  3 |
---------------+----------+-----
Unarmed Combat | 3 4 |  4.0
Fighting       | |  2.9
Throwing       | |  1.7
Dodging        | |  2.6

Action                   |  1- 3 |  4- 6 || total
-------------------------+-------+-------++-------
Melee: Unarmed           |    61 |       ||    61
       Punch             |     1 |       ||     1
 Stab: Sleeping          |     1 |       ||     1
Armor: Leather armour    |    23 |       ||    23
Dodge: Dodged            |    41 |       ||    41

Table legend: (Time is in decaauts)
 A = Elapsed time spent in this place.
 B = Non-inter-level travel time spent in this place.
 C = Inter-level travel time spent in this place.
 D = Time resting spent in this place.
 E = Time spent auto-exploring this place.
 F = Levels seen in this place.
 G = Mean time per level.
                   A        B        C        D        E       F      G
               +--------+--------+--------+--------+--------+-----+--------+
         Total |    924 |    850 |     74 |     98 |    593 |   2 |  462.0 |
       Dungeon |    924 |    850 |     74 |     98 |    593 |   2 |  462.0 |
               +--------+--------+--------+--------+--------+-----+--------+

Top non-repeatable levels by time:
     D:1: 842 daAuts
     D:2: 81 daAuts
